AoeStats
← | ArCas | Toruk Makto

Lombardia

508345127Analyzed
4v4 RM · 9d ago on Sep 22, 2026· 13m 12s· 8 players
Game mode
Random Map
Map size
Large (8 player)
Population
200
Speed
Normal
Resources
Standard
Victory
Conquest
Starting age
Dark Age
Ending age
Imperial Age
RankedLock teamsTeams togetherTeam positionsShared explorationLock speedFull tech treeHidden civsTurbo modeCheats
Victory
Defeat
🇯🇵 Magyars · Japan
1340
+15
🇦🇷 Berbers · Argentina
1304
+17
🇦🇷 Persians · Argentina
1304
+17
🇨🇱 Mongols · Chile
1257
+19
🇺🇸 Muisca · United States
1383
-19
🇦🇷 Inca · Argentina
1365
-20
🇨🇳 Saracens · China
1306
-16
🇹🇼 Britons · Taiwan
1225
-13
| ArCas | Toruk Makto
6:26 Loom
8:57 Feudal Age
9:32 Double-Bit Axe
10:00 Horse Collar
Pipenho
5:45 Loom
8:11 Feudal Age
11:21 Horse Collar
kiricocho
5:35 Loom
9:15 Feudal Age
10:20 Double-Bit Axe
10:26 Horse Collar
Nekomi
6:34 Loom
8:58 Feudal Age
9:37 Double-Bit Axe
genghis bong
7:29 Loom
9:42 Feudal Age
10:13 Double-Bit Axe
12:04 Horse Collar
BocaJuniorsElMasGrande
3:42 Loom
5:54 Loom
6:48 Loom
10:48 Feudal Age
神廚
4:45 Loom
9:27 Feudal Age
15:38 Castle Age
人在江湖
10:00 Feudal Age
11:10 Loom
Connection lost

Rejoining the realm…

Still unreachable

The connection could not be restored.

Session expired

The server has moved on; the page needs a fresh start.